[Event "Titled Tuesday Blitz March 08 Early 2022"]
[White "Yandarbiev, Ruslan"]
[Black "Kouskoutis, Georgios-Alexandros"]
[WhiteFideId "4115023"]
[BlackFideId "4234049"]
[WhiteElo "2102"]
[BlackElo "2130"]
[Result "0-1"]
[Round "08"]
[TimeControl "180+1"]
[Date "2022.03.09"]
[WhiteClock "0:00:03"]
[BlackClock "0:00:03"]

1. e4 c5 2. Nf3 e6 3. Nc3 Nc6 4. d4 cxd4 5. Nxd4 Qc7 6. Be3 a6 7. f4 b5 8. Nb3 Bb7 9. Bd3 h5 10. a4 b4 11. Nb1 Nf6 12. h3 h4 13. O-O Nh5 14. a5 Ng3 15. Rf2 Rc8 16. Bb6 Qb8 17. N1d2 Bd6 18. Qg4 g6 19. Nc4 Be7 20. Rd1 Nd8 21. Bd4 Rf8 22. Nb6 Bxe4 23. Nxc8 Qxc8 24. Bxe4 Nxe4 25. Re2 d5 26. Bf2 Nc6 27. Bxh4 Bxh4 28. Qxh4 Nxa5 29. Rxe4 Nxb3 30. Re2 Nc5 31. Kh2 a5 32. Rf1 Qc7 33. Kh1 Qe7 34. Qe1 Rh8 35. f5 gxf5 36. Rxf5 Ne4 37. Rf3 f5 38. Qg1 Qg5 39. Qa7 Rh4 40. Qb8+ Kf7 41. Qc7+ Qe7 42. Qe5 Nf6 43. Ref2 Re4 44. Qb8 Re1+ 45. Rf1 Rxf1+ 46. Rxf1 Ne4 47. Qe5 Qf6 48. Qc7+ Kg6 49. Rf3 e5 50. Rd3 Nf2+ 51. Kg1 Nxd3 52. cxd3 e4 53. Qg3+ Qg5 54. Qd6+ Kh5 55. Qd7 Qe3+ 56. Kh2 Qf4+ 57. Kh1 exd3 58. Qh7+ Kg5 59. Qg7+ Kh4 60. Qh7+ Kg3 61. Qg7+ Kf2 62. Qa7+ Qe3 63. Qf7 f4 64. Kh2 d2 65. Qg6 d1=Q 66. Qg4 Qxg4 67. hxg4 Qg3+ 0-1


[Site "https://www.chess.com"]

[Event "Titled Tuesday Blitz March 08 Early 2022"]
[White "Yuan, Qingyu"]
[Black "Atakhan, Abtin"]
[WhiteFideId "8609772"]
[BlackFideId "22502203"]
[WhiteElo "2359"]
[BlackElo "2119"]
[Result "1-0"]
[Round "08"]
[TimeControl "180+1"]
[Date "2022.03.08"]
[WhiteClock "0:00:20"]
[BlackClock "0:01:10"]

1. e4 c6 2. Nf3 d5 3. Nc3 dxe4 4. Nxe4 Nf6 5. Qe2 Nxe4 6. Qxe4 Nd7 7. d4 Nf6 8. Qf4 g6 9. Bd3 Bf5 10. Bxf5 Qa5+ 11. c3 Qxf5 12. Qe3 Bg7 13. O-O Nd5 14. Qe2 O-O 15. c4 Nb6 16. Qxe7 Nxc4 17. Qxb7 Qd5 18. b3 Nd6 19. Qa6 Nf5 20. Bb2 Nxd4 21. Bxd4 Bxd4 22. Nxd4 Qxd4 23. Qxc6 Rfc8 24. Qf3 Rab8 25. Rad1 Qg7 26. Rd7 a5 27. Qd5 Ra8 28. Re1 Qf6 29. g3 a4 30. Re3 axb3 31. axb3 Ra1+ 32. Kg2 Rcc1 33. Rf3 Qe6 34. Qxe6 fxe6 35. Rff7 Rab1 36. Rg7+ Kf8 37. Rxh7 Kg8 38. Rdg7+ Kf8 39. Rxg6 Rg1+ 40. Kh3 Rxb3 41. Rxe6 Rf3 42. Ra6 Kg8 43. Rb7 Rf8 44. f4 Re1 45. Kg4 Ree8 46. Rg6+ Kh8 47. Rb5 Kh7 48. Rbg5 Rf7 49. Kh5 Rh8 50. Rh6# 1-0


[Site "https://www.chess.com"]

[Event "Titled Tuesday Blitz March 08 Early 2022"]
[White "Zaichenko, Daria"]
[Black "Gombocz, Ferenc Jr."]
[WhiteFideId "4197453"]
[BlackFideId "775029"]
[WhiteElo "2039"]
[BlackElo "1913"]
[Result "1/2-1/2"]
[Round "08"]
[TimeControl "180+1"]
[Date "2022.03.09"]
[WhiteClock "0:00:21"]
[BlackClock "0:00:11"]

1. e4 e5 2. Nf3 Nc6 3. Bc4 Nf6 4. d3 Be7 5. c3 O-O 6. Bb3 d5 7. Qe2 a5 8. a4 dxe4 9. dxe4 b6 10. O-O Bb7 11. Rd1 Bd6 12. Bg5 h6 13. Bh4 g5 14. Nxg5 hxg5 15. Bxg5 Kg7 16. Rd3 Rg8 17. Rg3 Kf8 18. Bxf6 Qxf6 19. Rf3 Qg5 20. Rxf7+ Ke8 21. g3 Qc1+ 22. Kg2 Ba6 23. Bc4 Bxc4 24. Qxc4 Ne7 25. Qe6 Rf8 26. Rxf8+ Kxf8 27. Qf6+ Kg8 28. h4 Rf8 29. Qe6+ Rf7 30. h5 Qc2 31. Na3 Qxf2+ 32. Kh3 Qf3 33. Kh4 Nf5+ 34. exf5 Be7+ 35. Kh3 Qxh5+ 36. Kg2 Qe2+ 37. Kg1 Bc5+ 38. Kh1 Qf3+ 39. Kh2 Qh5+ 40. Kg2 Qe2+ 41. Kh3 Qh5+ 42. Kg2 Qe2+ 43. Kh3 Qh5+ 44. Kg2 1/2-1/2


[Site "https://www.chess.com"]

[Event "Titled Tuesday Blitz March 08 Early 2022"]
[White "Zaksaite, Salomeja"]
[Black "Butti, Enrique"]
[WhiteFideId "12801496"]
[BlackFideId "3700470"]
[WhiteElo "1953"]
[BlackElo "2080"]
[Result "1-0"]
[Round "08"]
[TimeControl "180+1"]
[Date "2022.03.09"]
[WhiteClock "0:01:33"]
[BlackClock "0:01:19"]

1. e4 c5 2. Nf3 d6 3. d4 cxd4 4. Nxd4 Nf6 5. Nc3 a6 6. Bc4 e6 7. Bb3 Nc6 8. O-O Bd7 9. Bg5 Be7 10. Be3 Rc8 11. Qe2 O-O 12. Rad1 Qa5 13. f3 Ne5 14. g4 b5 15. g5 Ne8 16. f4 Nc4 17. Bc1 Bd8 18. f5 Bb6 19. Kh1 Ne5 20. fxe6 fxe6 21. Nxe6 Rxf1+ 22. Rxf1 1-0


[Site "https://www.chess.com"]

[Event "Titled Tuesday Blitz March 08 Early 2022"]
[White "Zemerov, Vladimir"]
[Black "Baches Garcia, Guillermo"]
[WhiteFideId "4111583"]
[BlackFideId "2209764"]
[WhiteElo "2277"]
[BlackElo "2404"]
[Result "0-1"]
[Round "08"]
[TimeControl "180+1"]
[Date "2022.03.09"]
[WhiteClock "0:00:44"]
[BlackClock "0:00:16"]

1. Nf3 d5 2. d4 Nf6 3. c4 e6 4. Nc3 c5 5. cxd5 Nxd5 6. e4 Nxc3 7. bxc3 cxd4 8. cxd4 Bb4+ 9. Bd2 Bxd2+ 10. Qxd2 O-O 11. Bc4 Nd7 12. O-O b6 13. Rad1 Bb7 14. Rfe1 Rc8 15. Bb3 h6 16. Qf4 Qc7 17. Qh4 Nf6 18. d5 exd5 19. e5 Ne4 20. Bxd5 Nc3 21. Bxb7 Qxb7 22. Rd6 Nxa2 23. Qg3 Rc6 24. Nd4 Rxd6 25. exd6 Qd5 26. Qf4 Nb4 27. Re3 Rc8 28. h4 Rc4 29. Re8+ Kh7 30. d7 Qxd7 31. Qe4+ f5 32. Qxf5+ Qxf5 33. Nxf5 Kg6 34. Nd6 Rxh4 35. Ra8 a5 36. Nc8 Nd5 37. Ra7 Rc4 38. Rd7 Rxc8 39. Rxd5 a4 40. Rd6+ Kf5 41. Rxb6 Ra8 42. Rb2 a3 43. Ra2 Ke4 44. g4 Kd4 45. Kg2 Kc4 46. f4 Kb3 47. Ra1 a2 48. Kg3 Kb2 49. Rd1 a1=Q 50. Rxa1 Rxa1 51. g5 hxg5 52. fxg5 Ra4 53. g6 Kc2 54. Kf3 Kd2 55. Kg3 Ra6 56. Kf4 Rxg6 57. Kf5 Rf6+ 58. Kg5 Kc3 59. Kg4 Kd4 60. Kg5 Ke5 61. Kg4 Rf5 62. Kh4 Ke4 63. Kg4 g6 64. Kg3 Rg5+ 65. Kf2 Kf4 66. Kf1 Rg3 67. Ke2 g5 68. Kd2 g4 69. Ke2 Re3+ 70. Kf2 g3+ 71. Kg2 Kg4 72. Kg1 Re8 73. Kg2 Rf8 74. Kg1 Kf3 75. Kf1 Re8 76. Kg1 Re1# 0-1


[Site "https://www.chess.com"]

[Event "Titled Tuesday Blitz March 08 Early 2022"]
[White "Zhu, Jiner"]
[Black "Dronavalli, Harika"]
[WhiteFideId "8608059"]
[BlackFideId "5015197"]
[WhiteElo "2281"]
[BlackElo "2382"]
[Result "0-1"]
[Round "08"]
[TimeControl "180+1"]
[Date "2022.03.08"]
[WhiteClock "0:00:02"]
[BlackClock "0:00:23"]

1. e4 c5 2. Nf3 e6 3. d4 cxd4 4. Nxd4 a6 5. Bd3 Bc5 6. Nb3 Ba7 7. O-O Ne7 8. Nc3 b5 9. a3 Bb7 10. Qe2 Nbc6 11. Be3 Ne5 12. Bxa7 Rxa7 13. Qe3 Qb8 14. Rad1 O-O 15. f4 Nxd3 16. Rxd3 Bc6 17. Nd4 f5 18. Nxc6 Nxc6 19. exf5 Rxf5 20. Ne4 h6 21. Nd6 Rf8 22. Ne4 Ne7 23. g3 Rc7 24. c3 a5 25. b4 axb4 26. axb4 Nd5 27. Qd2 Qa7+ 28. Kh1 Ra8 29. Rxd5 exd5 30. Qxd5+ Kh8 31. Nd6 Qa2 32. Nf7+ Kh7 33. Qe4+ Kg8 34. Nxh6+ gxh6 35. Qg6+ Kh8 36. Qxh6+ Kg8 37. Qg6+ Kh8 38. Qh5+ Kg8 39. Qg6+ Kh8 40. Qh6+ Kg8 41. Qg5+ Kh7 42. Qf5+ Kg8 43. Qg5+ Kh7 44. Re1 d6 45. Re7+ Rxe7 46. Qxe7+ Kh8 47. Qf6+ Kg8 48. Qg6+ Kf8 49. Qf6+ Ke8 50. Qh8+ Kd7 51. Qh7+ Kc6 0-1


[Site "https://www.chess.com"]

[Event "Titled Tuesday Blitz March 08 Early 2022"]
[White "Zierk, Steven"]
[Black "Martinez Alcantara, Jose Eduardo"]
[WhiteFideId "2034255"]
[BlackFideId "3805662"]
[WhiteElo "2494"]
[BlackElo "2690"]
[Result "1-0"]
[Round "08"]
[TimeControl "180+1"]
[Date "2022.03.08"]
[WhiteClock "0:00:04"]
[BlackClock "0:00:01"]

1. e4 c5 2. Nf3 d6 3. d4 cxd4 4. Nxd4 Nf6 5. f3 e6 6. c4 Be7 7. Be2 Nc6 8. Be3 O-O 9. O-O d5 10. exd5 exd5 11. Nc3 Be6 12. Nxe6 fxe6 13. cxd5 exd5 14. Bf2 Kh8 15. Nb5 Qd7 16. Rc1 a6 17. Nd4 Ne5 18. Bg3 Bd6 19. Qc2 Rae8 20. Rfd1 Nh5 21. Bf2 Nf4 22. Bf1 Qf7 23. g3 Nh5 24. Bg2 Nc4 25. Re1 Rc8 26. Bh3 Rce8 27. Be6 Qf6 28. Bxd5 Ne5 29. Bxb7 Qg5 30. Kh1 Qf6 31. Be4 Bb4 32. Re2 Qh6 33. a3 Ba5 34. Nf5 Qf6 35. Bd4 Bb6 36. Bc3 Qg5 37. f4 Nxf4 38. gxf4 Qxf4 39. Rg2 Rc8 40. Rxg7 Bd4 41. Nxd4 1-0


[Site "https://www.chess.com"]

[Event "Titled Tuesday Blitz March 08 Early 2022"]
[White "Aaditya Dhingra"]
[Black "Gabdrakhmanov, Azat"]
[WhiteFideId "25678191"]
[BlackFideId "34189197"]
[WhiteElo "1849"]
[BlackElo "2279"]
[Result "0-1"]
[Round "09"]
[TimeControl "180+1"]
[Date "2022.03.09"]
[WhiteClock "0:00:53"]
[BlackClock "0:00:25"]

1. e4 c5 2. Nf3 e6 3. d4 cxd4 4. Nxd4 a6 5. Bd3 Nf6 6. O-O d6 7. Qe2 Be7 8. c4 Nbd7 9. Nc3 O-O 10. f4 Re8 11. Be3 Bf8 12. Kh1 Nc5 13. Rac1 e5 14. Nf3 exf4 15. Bxc5 dxc5 16. e5 Ng4 17. Rfd1 Qb6 18. h3 Ne3 19. Nd5 Qh6 20. Nc7 Bg4 21. Nxa8 Rxa8 22. Kg1 Be6 23. Re1 Re8 24. Qf2 g5 25. Rxe3 fxe3 26. Qxe3 g4 27. Qe4 Qxc1+ 28. Kh2 Qh6 29. Ng5 Bg7 30. Nxh7 Bd7 0-1


[Site "https://www.chess.com"]

[Event "Titled Tuesday Blitz March 08 Early 2022"]
[White "Aggelis, Nikolaos"]
[Black "Mohammad Fahad, Rahman"]
[WhiteFideId "4213220"]
[BlackFideId "10207791"]
[WhiteElo "2154"]
[BlackElo "2323"]
[Result "0-1"]
[Round "09"]
[TimeControl "180+1"]
[Date "2022.03.09"]
[WhiteClock "0:01:27"]
[BlackClock "0:00:30"]

1. d4 g6 2. g3 Bg7 3. Nf3 d6 4. Bg2 Nc6 5. O-O Bd7 6. Nc3 Qc8 7. Re1 h5 8. h4 Bh3 9. Bh1 Nf6 10. e4 O-O 11. Bg5 Bg4 12. Qd2 Nh7 13. Bh6 Bxh6 14. Qxh6 Bxf3 15. Bxf3 Nxd4 16. Bxh5 gxh5 17. Nd5 Qe6 18. Qxh5 Nxc2 19. Nxc7 Qg6 20. Qxg6+ fxg6 21. Nxa8 Rxa8 22. e5 Nxa1 23. Rxa1 dxe5 24. Re1 Rc8 25. Rxe5 Rc2 26. Rxe7 Rxb2 27. a4 a5 28. Kg2 Rb4 29. f3 Nf6 30. g4 Nd5 31. Rd7 Nc3 32. Kg3 Nxa4 33. Rd8+ Kf7 34. Ra8 b6 35. g5 Nc3 36. Ra7+ Ke6 37. Rg7 Ne2+ 38. Kf2 Nf4 39. h5 gxh5 40. Ke3 Nd5+ 41. Kd3 a4 42. Rh7 Kf5 43. Rxh5 Nf4+ 44. Kc3 Rb3+ 0-1


[Site "https://www.chess.com"]

[Event "Titled Tuesday Blitz March 08 Early 2022"]
[White "Ahn, Hongjin"]
[Black "Leve, Nitai"]
[WhiteFideId "13201492"]
[BlackFideId "2006898"]
[WhiteElo "1873"]
[BlackElo "2144"]
[Result "1-0"]
[Round "09"]
[TimeControl "180+1"]
[Date "2022.03.09"]
[WhiteClock "0:00:05"]
[BlackClock "0:00:04"]

1. d4 d5 2. c4 c6 3. cxd5 cxd5 4. Nf3 Nc6 5. Nc3 Nf6 6. Bf4 Bf5 7. e3 e6 8. Be2 Bd6 9. Bg3 O-O 10. O-O Rc8 11. Rc1 a6 12. Nh4 Bxg3 13. hxg3 Be4 14. f3 Bg6 15. Nxg6 hxg6 16. g4 Qb6 17. Na4 Qa5 18. a3 b5 19. Nc5 b4 20. Bxa6 Rb8 21. Qd2 e5 22. Rf2 exd4 23. exd4 Rfe8 24. Bb7 Qb6 25. Bxc6 Qxc6 26. a4 b3 27. Nxb3 Qxa4 28. Nc5 Qa2 29. b3 Qa3 30. Qb2 Qb4 31. Qc3 Qb6 32. Re1 Rec8 33. Rc2 Nd7 34. Rec1 Nf8 35. Qd3 Re8 36. Re2 Rxe2 37. Qxe2 Ne6 38. Nxe6 fxe6 39. Rc5 Kf7 40. Qe5 Rb7 41. Qf4+ Ke8 42. Rc8+ Kd7 43. Rc5 Qxb3 44. Qf7+ Kd6 45. Qf8+ Kd7 46. Qxg7+ Kd6 47. Qf8+ Kd7 48. Qf7+ Kd6 49. Qf8+ Kd7 50. Qc8+ Ke7 51. Rc6 Rd7 52. Qh8 Qd1+ 53. Kh2 Qd2 54. Qg7+ Kd8 55. Qf8# 1-0


[Site "https://www.chess.com"]

[Event "Titled Tuesday Blitz March 08 Early 2022"]
[White "Alonso Rosell, Alvar"]
[Black "Paravyan, David"]
[WhiteFideId "2270544"]
[BlackFideId "4194985"]
[WhiteElo "2474"]
[BlackElo "2569"]
[Result "1-0"]
[Round "09"]
[TimeControl "180+1"]
[Date "2022.03.08"]
[WhiteClock "0:00:03"]
[BlackClock "0:00:01"]

1. d4 Nf6 2. c4 g6 3. Nc3 d5 4. Nf3 Bg7 5. Qb3 dxc4 6. Qxc4 O-O 7. e4 a6 8. e5 b5 9. Qb3 Nfd7 10. e6 fxe6 11. Be2 Nf6 12. O-O Nc6 13. Be3 Na5 14. Qc2 Nc4 15. Bxc4 bxc4 16. Qe2 Bb7 17. Ng5 Bd5 18. Bf4 Qd7 19. Be5 Rab8 20. Rfe1 Qc6 21. f3 Bh6 22. h4 Nh5 23. Rad1 Nf4 24. Bxf4 Rxf4 25. Nxd5 exd5 26. Ne6 Rf6 27. g4 Bf4 28. Kg2 Bd6 29. h5 Qd7 30. hxg6 Rxg6 31. f4 Rxe6 32. Qxe6+ Qxe6 33. Rxe6 Rxb2+ 34. Kf3 Rxa2 35. f5 c3 36. Rc1 c2 37. Re2 Ra3+ 38. Kg2 Rd3 39. Rcxc2 Rxd4 40. Kh3 Kf7 41. Re6 Rd3+ 42. Kh4 Rd1 43. Rc3 Rh1+ 44. Rh3 Rxh3+ 45. Kxh3 a5 46. g5 a4 47. Kg4 a3 48. Re2 d4 49. Kf3 c5 50. Ke4 Kg7 51. Kd3 h6 52. g6 Kf6 53. Ra2 1-0


[Site "https://www.chess.com"]

[Event "Titled Tuesday Blitz March 08 Early 2022"]
[White "Arabidze, Meri"]
[Black "Manelyuk, Daniil"]
[WhiteFideId "13604040"]
[BlackFideId "44173920"]
[WhiteElo "2335"]
[BlackElo "2222"]
[Result "0-1"]
[Round "09"]
[TimeControl "180+1"]
[Date "2022.03.09"]
[WhiteClock "0:00:08"]
[BlackClock "0:00:05"]

1. Nf3 Nf6 2. g3 g6 3. Bg2 Bg7 4. d4 O-O 5. O-O d6 6. a4 c5 7. dxc5 dxc5 8. Qxd8 Rxd8 9. a5 Nc6 10. a6 Nb4 11. Ne5 Rb8 12. axb7 Bxb7 13. c3 Bxg2 14. Kxg2 Nfd5 15. cxb4 Bxe5 16. bxc5 Bxb2 17. Bxb2 Rxb2 18. Kf3 Rc8 19. Rc1 Rb5 20. e4 Nf6 21. Rxa7 Rbxc5 22. Rxc5 Rxc5 23. Rxe7 Rc2 24. Rb7 h5 25. h3 Kg7 26. Ke3 g5 27. Nd2 Rc3+ 28. Kd4 Rc6 29. Nc4 Nxe4 30. Ne5 Nd6 31. Rd7 Nb5+ 32. Ke4 Rf6 33. f3 Nd6+ 34. Kd5 Nf5 35. g4 hxg4 36. hxg4 Nh4 37. Ke4 Ng2 38. Ra7 Nf4 39. Nd7 Re6+ 40. Kf5 Nh3 41. Ne5 Rf6+ 42. Ke4 Rf4+ 43. Kd5 Rf6 44. Nd7 Rf4 45. Nc5 Rxf3 46. Ne6+ Kf6 47. Nd4 Nf4+ 48. Ke4 Rf1 49. Ra6+ Kg7 50. Nf5+ Kh7 51. Ra7 Re1+ 52. Kf3 Kg6 53. Ra6+ Re6 54. Ra8 Kf6 55. Rg8 Ra6 56. Rh8 Ra3+ 57. Ke4 Ra4+ 58. Kf3 Ng6 59. Rc8 Ne5+ 60. Ke3 Nxg4+ 61. Kd3 Kxf5 0-1


[Site "https://www.chess.com"]

[Event "Titled Tuesday Blitz March 08 Early 2022"]
[White "Aradhya, Garg"]
[Black "Martin Duque, Jesus"]
[WhiteFideId "25006746"]
[BlackFideId "2208954"]
[WhiteElo "2169"]
[BlackElo "2243"]
[Result "1/2-1/2"]
[Round "09"]
[TimeControl "180+1"]
[Date "2022.03.09"]
[WhiteClock "0:00:10"]
[BlackClock "0:01:26"]

1. d4 Nf6 2. c4 b6 3. Nc3 Bb7 4. Nf3 e6 5. a3 d5 6. cxd5 Nxd5 7. Qc2 Nxc3 8. bxc3 g6 9. h4 Bg7 10. h5 Nd7 11. hxg6 hxg6 12. Bg5 Qc8 13. Rxh8+ Bxh8 14. e3 c5 15. Bd3 cxd4 16. cxd4 Qxc2 17. Bxc2 Rc8 18. Kd2 Bf6 19. e4 Bxg5+ 20. Nxg5 Ke7 21. Bd3 Kf6 22. f4 Kg7 23. Nf3 Nf6 24. Re1 Nh5 25. f5 Nf4 26. fxe6 fxe6 27. g3 Nxd3 28. Kxd3 Ba6+ 29. Kd2 Rc4 30. Rc1 Ra4 31. Rc7+ Kh6 32. Rxa7 Rxa3 33. Ne5 Ra2+ 34. Kc3 Bc4 35. Rxa2 Bxa2 36. Nd7 Kh5 37. Nxb6 Kg4 38. Nc4 Kxg3 39. d5 exd5 40. exd5 Bb1 41. Ne3 Ba2 42. Nc4 Bb1 43. d6 Bf5 44. Kd4 g5 45. Ke5 Bd7 46. Nb6 Bb5 47. Kf5 Kh4 48. d7 Bxd7+ 49. Nxd7 g4 50. Ne5 g3 51. Kf4 g2 52. Nf3+ Kh3 53. Ke3 Kg3 54. Ng1 Kh2 55. Kf2 Kh1 56. Nf3 g1=B+ 1/2-1/2


[Site "https://www.chess.com"]

[Event "Titled Tuesday Blitz March 08 Early 2022"]
[White "Ardila, Oscar Humberto"]
[Black "Bowden, Karl"]
[WhiteFideId "4404742"]
[BlackFideId "400548"]
[WhiteElo "1966"]
[BlackElo "2375"]
[Result "1-0"]
[Round "09"]
[TimeControl "180+1"]
[Date "2022.03.09"]
[WhiteClock "0:00:43"]
[BlackClock "0:00:26"]

1. d4 Nf6 2. c4 c5 3. d5 Ne4 4. Qc2 Qa5+ 5. Nd2 Nd6 6. e4 g6 7. e5 Nf5 8. Nf3 Bg7 9. Bd3 d6 10. exd6 exd6 11. O-O O-O 12. Nb3 Qd8 13. Bg5 Bf6 14. Bf4 a5 15. Rfe1 a4 16. Nbd2 a3 17. Rab1 axb2 18. a4 Na6 19. Ne4 Bg7 20. Bg5 Qc7 21. g4 Nd4 22. Nxd4 cxd4 23. Rxb2 f6 24. Bf4 Bxg4 25. Bxd6 Qd7 26. Bxf8 Rxf8 27. c5 Bf3 28. d6 Rc8 29. Qb3+ Kh8 30. Bf1 Nxc5 31. Qxf3 Nxa4 32. Bb5 1-0


[Site "https://www.chess.com"]

[Event "Titled Tuesday Blitz March 08 Early 2022"]
[White "Baches Garcia, Guillermo"]
[Black "Mekhitarian, Krikor Sevag"]
[WhiteFideId "2209764"]
[BlackFideId "2107660"]
[WhiteElo "2410"]
[BlackElo "2598"]
[Result "0-1"]
[Round "09"]
[TimeControl "180+1"]
[Date "2022.03.09"]
[WhiteClock "0:00:15"]
[BlackClock "0:00:04"]

1. e4 c5 2. Nf3 g6 3. d4 cxd4 4. Qxd4 Nf6 5. c4 Nc6 6. Qe3 Bg7 7. Nc3 O-O 8. Be2 Qb6 9. Qxb6 axb6 10. Be3 d6 11. Bxb6 Nd7 12. Be3 Nb4 13. Kd2 Nc5 14. Bd4 Bh6+ 15. Be3 Bxe3+ 16. fxe3 Be6 17. Nd4 Rfc8 18. a3 Nc6 19. Kc2 Ne5 20. b4 Ncd7 21. Nxe6 fxe6 22. Kb3 Nb6 23. Rhc1 Nbxc4 24. Nb5 Nd2+ 25. Kb2 Nec4+ 26. Bxc4 Nxc4+ 27. Kb3 Nd2+ 28. Kb2 Nxe4 29. Nc7 Rab8 30. Nxe6 Kf7 31. Nd4 e5 32. Nf3 Ke6 33. Rxc8 Rxc8 34. Rc1 Rxc1 35. Kxc1 b5 36. Kc2 d5 37. Kb3 g5 38. h3 h5 39. a4 g4 40. hxg4 hxg4 41. Nh2 Nd2+ 42. Kc2 g3 43. Ng4 Nc4 44. a5 Kf5 45. Nh6+ Ke4 46. a6 Nxe3+ 47. Kb3 Nc4 48. Nf7 Nb6 49. Nd6+ Kd3 50. Nxb5 e4 51. a7 e3 52. Nc7 e2 53. Nxd5 e1=Q 54. Nxb6 Qb1+ 55. Ka4 Qa2+ 56. Kb5 Qxa7 57. Kc6 Kd4 58. b5 Ke3 59. Nd5+ Kd4 60. b6 Qa4+ 61. Kd6 Qa3+ 62. Kc6 Qc5+ 63. Kd7 Qxd5+ 0-1


[Site "https://www.chess.com"]

[Event "Titled Tuesday Blitz March 08 Early 2022"]
[White "Baker, Chris W"]
[Black "Chernov, Alexander A."]
[WhiteFideId "401676"]
[BlackFideId "4152492"]
[WhiteElo "2271"]
[BlackElo "1956"]
[Result "0-1"]
[Round "09"]
[TimeControl "180+1"]
[Date "2022.03.09"]
[WhiteClock "0:01:10"]
[BlackClock "0:01:17"]

1. d4 Nf6 2. Nf3 e6 3. g3 b6 4. Bg2 Bb7 5. O-O Be7 6. c4 O-O 7. b3 c5 8. Bb2 cxd4 9. Nxd4 Bxg2 10. Kxg2 Qc8 11. Nc3 a6 12. Rc1 Qb7+ 13. Kg1 d6 14. Qc2 Nbd7 15. Rfd1 Rfd8 16. e4 Rac8 17. Qe2 Re8 18. Nf3 b5 19. cxb5 axb5 20. Qxb5 Qxb5 21. Nxb5 Nxe4 22. Nfd4 d5 23. Nc6 Bf8 24. b4 h5 25. a4 Nb6 26. a5 Nc4 27. Bd4 Rxc6 0-1


[Site "https://www.chess.com"]

[Event "Titled Tuesday Blitz March 08 Early 2022"]
[White "Beerdsen, Thomas"]
[Black "Samadov, Read"]
[WhiteFideId "1030108"]
[BlackFideId "13417444"]
[WhiteElo "2585"]
[BlackElo "2084"]
[Result "1-0"]
[Round "09"]
[TimeControl "180+1"]
[Date "2022.03.08"]
[WhiteClock "0:00:04"]
[BlackClock "0:00:04"]

1. e4 c5 2. Nf3 d6 3. d4 cxd4 4. Nxd4 Nf6 5. Nc3 a6 6. a3 Nc6 7. Bc4 e6 8. Ba2 Be7 9. Nxc6 bxc6 10. g4 d5 11. g5 Nd7 12. h4 O-O 13. Rg1 Nc5 14. Be3 a5 15. h5 Rb8 16. Rb1 Ba6 17. h6 Re8 18. Qd4 e5 19. Qxe5 Bf6 20. Qxe8+ Qxe8 21. gxf6 Nxe4 22. Rxg7+ Kh8 23. Rg4 Nxc3 24. bxc3 Rxb1+ 25. Bxb1 Qb8 26. Ba2 Qb2 27. Bb3 Qxc3+ 28. Kd1 Bc8 29. Rd4 c5 30. Rxd5 Bg4+ 31. Kc1 Qa1+ 32. Kd2 Qxf6 33. Bxc5 Qxh6+ 34. Be3 Qc6 35. Bd4+ f6 36. Rd8+ Kg7 37. Rg8+ Kh6 38. Rxg4 Qf3 39. Be3+ Kh5 40. Rg3 Qe4 41. Bf7+ Kh4 42. Bb3 a4 43. Ba2 f5 44. Bg5+ Kh5 45. Bf7# 1-0


[Site "https://www.chess.com"]

[Event "Titled Tuesday Blitz March 08 Early 2022"]
[White "Bethke, Richard"]
[Black "Donchenko, Alexander"]
[WhiteFideId "12959243"]
[BlackFideId "24603295"]
[WhiteElo "2556"]
[BlackElo "2539"]
[Result "0-1"]
[Round "09"]
[TimeControl "180+1"]
[Date "2022.03.08"]
[WhiteClock "0:00:13"]
[BlackClock "0:00:20"]

1. e4 e5 2. Nf3 Nc6 3. Bc4 Bc5 4. O-O Nf6 5. d3 d6 6. c3 a6 7. Re1 Ba7 8. a4 O-O 9. h3 h6 10. Nbd2 Re8 11. Bb3 Be6 12. Nf1 d5 13. Ng3 dxe4 14. dxe4 Qxd1 15. Bxd1 Rad8 16. Bc2 Na5 17. b4 Nb3 18. Bxb3 Bxb3 19. Be3 Bxe3 20. Rxe3 Rd1+ 21. Rxd1 Bxd1 22. a5 Bxf3 23. Rxf3 Rd8 24. Kf1 Rd1+ 25. Ke2 Rg1 26. Rd3 h5 27. Rd8+ Kh7 28. Rb8 h4 29. Nf5 Nxe4 30. Rxb7 Nxc3+ 31. Kd3 Nb5 32. Nxh4 g5 33. Nf3 Rxg2 34. Nxe5 Rxf2 35. Nd7 Rf3+ 36. Kd2 Rxh3 37. Nc5 g4 38. Nxa6 Nd4 39. Rxc7 Kg6 40. Rd7 Nf3+ 41. Ke2 Rh2+ 42. Ke3 Ne5 43. Rd6+ Kf5 44. Nc5 Nc4+ 0-1


[Site "https://www.chess.com"]

[Event "Titled Tuesday Blitz March 08 Early 2022"]
[White "Bettalli, Francesco"]
[Black "Zhu, Jiner"]
[WhiteFideId "2816453"]
[BlackFideId "8608059"]
[WhiteElo "2216"]
[BlackElo "2281"]
[Result "0-1"]
[Round "09"]
[TimeControl "180+1"]
[Date "2022.03.09"]
[WhiteClock "0:00:06"]
[BlackClock "0:00:53"]

1. d4 Nf6 2. Nc3 d5 3. Bf4 e6 4. Nb5 Na6 5. e3 Be7 6. Nf3 O-O 7. a3 c6 8. Nc3 Nc7 9. Bd3 b6 10. O-O Bb7 11. e4 dxe4 12. Nxe4 Ncd5 13. Nxf6+ Nxf6 14. Qe2 c5 15. dxc5 bxc5 16. Rad1 Qb6 17. b3 Qc6 18. Bb5 Qb6 19. Ne5 Rad8 20. a4 Nd5 21. Bd2 Qc7 22. Nc4 Nf4 23. Qg4 Nxg2 24. Ba5 Qf4 25. Qg3 Rxd1 26. Rxd1 Qf5 27. Rd7 Bh4 28. Ne3 Nxe3 29. Qxe3 Qg4+ 30. Kf1 Bf3 31. Bc3 Qg2+ 32. Ke1 Qg1+ 33. Kd2 Bg5 0-1


[Site "https://www.chess.com"]

[Event "Titled Tuesday Blitz March 08 Early 2022"]
[White "Bilych, Olexiy"]
[Black "Svane, Frederik"]
[WhiteFideId "14156504"]
[BlackFideId "12923044"]
[WhiteElo "2176"]
[BlackElo "2459"]
[Result "0-1"]
[Round "09"]
[TimeControl "180+1"]
[Date "2022.03.08"]
[WhiteClock "0:00:11"]
[BlackClock "0:00:05"]

1. e4 c5 2. Nf3 d6 3. d4 cxd4 4. Nxd4 Nf6 5. Nc3 Nc6 6. Bg5 e6 7. Qd3 Bd7 8. O-O-O a6 9. Qg3 Be7 10. h4 h6 11. Be3 Qa5 12. Nb3 Qc7 13. Qxg7 O-O-O 14. Qg3 Rhg8 15. Qf3 Ng4 16. g3 Nce5 17. Qe2 Nxe3 18. Qxe3 Ng4 19. Qe2 Bf6 20. Rd3 Ne5 21. Rd1 Ng4 22. Nd4 Kb8 23. Bh3 h5 24. Qf3 Be5 25. Bxg4 hxg4 26. Qe3 Bf6 27. Kb1 Rg6 28. h5 Bg5 29. Qe2 Rh6 30. Qxg4 Bf6 31. Qe2 Qc5 32. Qe3 Rdh8 33. g4 e5 34. Nf5 Qxe3 35. fxe3 Bg5 36. Rxd6 Rxd6 37. Nxd6 Bxg4 38. Nxf7 Rg8 39. Nxg5 Rxg5 40. h6 Rg8 41. Nd5 Be6 42. Nf6 Rh8 43. h7 Kc7 44. Rg1 Kd6 45. Rg8 Bxg8 46. Nxg8 Rxh7 47. b3 Ke6 48. Kb2 Rh8 49. Kc3 Rxg8 50. Kc4 Rc8+ 51. Kd3 Kd6 52. a4 Kc5 53. c3 Rd8+ 54. Kc2 b5 55. a5 b4 56. Kb2 Rd2+ 0-1


[Site "https://www.chess.com"]

[Event "Titled Tuesday Blitz March 08 Early 2022"]
[White "Bodnaruk, Anastasia"]
[Black "Fathy, Elameir"]
[WhiteFideId "4181751"]
[BlackFideId "10600396"]
[WhiteElo "2393"]
[BlackElo "2311"]
[Result "1-0"]
[Round "09"]
[TimeControl "180+1"]
[Date "2022.03.09"]
[WhiteClock "0:01:01"]
[BlackClock "0:00:24"]

1. e4 c6 2. d4 d5 3. e5 Bf5 4. Nf3 e6 5. Be2 c5 6. O-O Nc6 7. c3 cxd4 8. Nxd4 Nge7 9. Nxf5 Nxf5 10. Bd3 g6 11. Re1 Bg7 12. f4 O-O 13. Na3 f6 14. exf6 Qxf6 15. Nc2 Rad8 16. Qf3 e5 17. Bb5 e4 18. Qf2 a6 19. Bxc6 Qxc6 20. Be3 Nxe3 21. Qxe3 Qc7 22. Rf1 Qc4 23. Rfd1 Qc7 24. g3 g5 25. fxg5 Rf3 26. Qe2 Qb6+ 27. Nd4 Rdf8 28. Rab1 e3 29. Nxf3 1-0


[Site "https://www.chess.com"]

[Event "Titled Tuesday Blitz March 08 Early 2022"]
[White "Borodavkin, Anatoly"]
[Black "Berezin, Viktor"]
[WhiteFideId "14150662"]
[BlackFideId "14107872"]
[WhiteElo "1845"]
[BlackElo "2310"]
[Result "1-0"]
[Round "09"]
[TimeControl "180+1"]
[Date "2022.03.09"]
[WhiteClock "0:00:05"]
[BlackClock "0:00:11"]

1. e4 d5 2. exd5 Nf6 3. d4 Bg4 4. Nf3 Nxd5 5. c4 Nf6 6. Be2 e6 7. h3 Bh5 8. Nc3 c5 9. d5 exd5 10. cxd5 Bd6 11. O-O O-O 12. Nb5 a6 13. Nxd6 Qxd6 14. g4 Bg6 15. Bg5 Ne4 16. Be3 Rd8 17. Rc1 Nd7 18. Qb3 b5 19. Rfd1 c4 20. Qa3 Ndc5 21. Nh4 Rac8 22. Nxg6 hxg6 23. b3 cxb3 24. axb3 Qf6 25. Bxc5 Qf4 26. Be3 Qe5 27. Qa1 Nc3 28. Rxc3 Rxc3 29. Bd4 Qxe2 30. Bxc3 Rc8 31. Rd2 Qe1+ 32. Qxe1 Rxc3 33. Qe8+ Kh7 34. g5 Rxh3 35. Kg2 Rh4 36. Rd1 Rg4+ 37. Kf3 Rh4 38. Rg1 a5 39. Qxf7 1-0


[Site "https://www.chess.com"]